 Dungeon Crawl Stone Soup version 0.27.1-3-gb3d3a73c9e (webtiles) character file.

Game seed: 865907186366133844

368 Sirial the Magician (level 7, 0/51 HPs)
             Began as a Human Hedge Wizard on Oct 19, 2021.
             Was an Initiate of Ashenzari.
             Slain by a vampire mosquito (8 damage)
             ... on level 5 of the Dungeon.
             The game lasted 00:10:54 (4507 turns).

Sirial the Magician (Human Hedge Wizard)            Turns: 4507, Time: 00:10:56

Health: 0/51       AC:  8    Str: 10 (11) XL:     7   Next: 1%
Magic:  8/14       EV: 12    Int: 19      God:    Ashenzari [......]
Gold:   227        SH:  0    Dex: 12      Spells: 13/15 levels left

rFire    + . .     SeeInvis +   f - +3 dagger (venom)
rCold    + . .     Faith    .   (no shield)
rNeg     . . .     Spirit   .   b - +0 robe
rPois    +         Reflect  .   c - +1 hat
rElec    +         Harm     .   (no cloak)
rCorr    +         Rampage  .   (no gloves)
Will     .....                  (no boots)
Stlth    ++........             (no amulet)
HPRegen  0.17/turn              g - ring "Wugidi" {rElec Int+3 SInv}
MPRegen  0.14/turn              d - +4 ring of protection

@: resistant, studying Short Blades
A: deterioration 1, robust 1, shaggy fur 1
a: Renounce Religion


You were on level 5 of the Dungeon.
You worshipped Ashenzari.
Ashenzari was noncommittal.
You visited 1 branch of the dungeon, and saw 5 of its levels.

You collected 275 gold pieces.
You spent 48 gold pieces at shops.

Inventory:

Hand Weapons
 f - a +3 dagger of venom (weapon)
Missiles
 e - 5 atropa-tipped darts
Armour
 b - a +0 robe (worn)
 c - a +1 hat (worn)
Jewellery
 a - a ring of flight
 d - a +4 ring of protection (right hand)
 g - the ring "Wugidi" (left hand) {rElec Int+3 SInv}
   (You found it on level 4 of the Dungeon)

   [ring of see invisible]

   Int:       It affects your intelligence (+3).
   rElec:     It insulates you from electricity.
   SInv:      It lets you see invisible.
 i - a ring of see invisible
 j - a +6 ring of strength
Potions
 h - 3 potions of resistance
 k - a potion of might


   Skills:
 + Level 0.9 Fighting
 + Level 2.2 Short Blades
 + Level 2.4 Dodging
 + Level 3.0 Stealth
 + Level 4.9 Spellcasting
 + Level 3.1 Conjurations
 + Level 1.0 Summonings
 + Level 1.0 Translocations


You had 13 spell levels left.
You knew the following spells:

 Your Spells              Type           Power      Damage    Failure   Level
a - Magic Dart            Conj           64%        1d6       3%          1
b - Foxfire               Conj/Fire      40%        2x1d6     7%          1

Your spell library contained the following spells:

 Spells                   Type           Power      Damage    Failure   Level
 Blink                    Tloc           N/A        N/A       12%         2
 Call Imp                 Summ           8%         N/A       12%         2
 Slow                     Hex            4%         N/A       19%         2
 Conjure Flame            Conj/Fire      10%        6-21      21%         3
 Mephitic Cloud           Conj/Pois/Air  8%         N/A       24%         3
 Inner Flame              Hex/Fire       4%         N/A       36%         3


Dungeon Overview and Level Annotations

Branches:
Dungeon (5/15)
 Temple: D:4-7

Altars:
Ashenzari

Shops:
D:1 *

Annotations:
D:5 1 runed translucent door, Manslay's ghost, amateur OpCj


Innate Abilities, Weirdness & Mutations

Your body sometimes deteriorates upon taking damage.
You are robust. (+10% HP)
You are covered in fur. (AC +1)


Message History

The vampire mosquito bites you but does no damage.
Casting: Foxfire (safe; 7% risk of failure)
Confirm with . or Enter, or press ? or * to list all spells.
You conjure some foxfire!
The foxfire hits the vampire mosquito.
The vampire mosquito is moderately damaged.
The vampire mosquito barely misses you.
The vampire mosquito bites you but does no damage.
The vampire mosquito barely misses you. The vampire mosquito misses you. x2
The foxfire hits the vampire mosquito.
The vampire mosquito is lightly damaged.
The foxfire hits the vampire mosquito.
The vampire mosquito is moderately damaged.
The vampire mosquito bites you!
Your body deteriorates!
You feel weakened.
The vampire mosquito draws strength from your injuries!
The vampire mosquito bites you.
The vampire mosquito draws strength from your injuries!
The vampire mosquito bites you.
The vampire mosquito draws strength from your injuries!
You are too injured to fight recklessly!
You are too injured to fight recklessly!
You closely miss the vampire mosquito.
The vampire mosquito is lightly damaged.
The vampire mosquito misses you.
The vampire mosquito closely misses you.
The vampire mosquito bites you.
* * * LOW HITPOINT WARNING * * *
The vampire mosquito draws strength from your injuries!
The vampire mosquito closely misses you.
The vampire mosquito bites you.
* * * LOW HITPOINT WARNING * * *
The vampire mosquito draws strength from your injuries!
You feel protected. The vampire mosquito barely misses you.
The vampire mosquito closely misses you.
The vampire mosquito bites you.
* * * LOW HITPOINT WARNING * * *
The vampire mosquito draws strength from your injuries!
The vampire mosquito bites you!
You die...

##### #...# #.#.#########
###.#.##......###
.##.#...........##
#................##
##................#
#..#...........@y####
#..#...........yy...#
#..##.#...........#....#
#..##..##.........####....
#..###.######.....# #..
#..# #..# ####### . #..#
##.# #..# #.# ##.# #.#


You could see 3 vampire mosquitoes.

Vanquished Creatures
  A black bear (D:5)
  A centaur zombie (D:4)
  A hound (D:4)
  A jelly (D:3)
  6 adders
  2 adder skeletons
  2 dart slugs
  2 orcs (D:5)
  13 ball pythons
  2 endoplasms
  8 goblins
  3 hobgoblins
  2 jackals (D:2)
  3 quokkas
  7 bats
  4 frilled lizards
  5 kobolds
  4 rats
67 creatures vanquished.

Vanquished Creatures (collateral kills)
  An ogre (D:5)
1 creature vanquished.

Vanquished Creatures (others)
  4 foxfires (D:5)
4 creatures vanquished.

Grand Total: 72 creatures vanquished

Notes
Turn   | Place    | Note
-------+----------+-------------------------------------------
     0 | D:1      | Sirial the Human Hedge Wizard began the quest for the Orb.
     0 | D:1      | Reached XP level 1. HP: 13/13 MP: 4/4
   292 | D:1      | Reached XP level 2. HP: 2/19 MP: 0/6
   571 | D:1      | Found a faded altar of an unknown god.
  1081 | D:1      | Found Morharph's Assorted Antiques.
  1084 | D:1      | Bought a scroll of identify for 48 gold pieces
  1318 | D:2      | Reached XP level 3. HP: 24/24 MP: 2/8
  2379 | D:3      | Reached XP level 4. HP: 30/30 MP: 4/9
  2446 | D:3      | Reached skill level 4 in Spellcasting
  2860 | D:3      | Reached XP level 5. HP: 36/36 MP: 4/11
  3448 | D:4      | Identified the ring "Wugidi" {rElec Int+3 SInv}
  3535 | D:4      | Reached skill level 1 in Short Blades
  3611 | D:4      | Gained mutation: You are covered in fur. (AC +1) [potion of
                  | mutation]
  3611 | D:4      | Gained mutation: Your body sometimes deteriorates upon
                  | taking damage. [potion of mutation]
  3611 | D:4      | Gained mutation: You are robust. (+10% HP) [potion of
                  | mutation]
  3718 | D:4      | Learned a level 1 spell: Foxfire
  3955 | D:4      | Found a broken altar of Ashenzari.
  4014 | D:4      | Became a worshipper of Ashenzari the Shackled
  4085 | D:4      | Reached XP level 6. HP: 31/46 MP: 4/12
  4207 | D:5      | Entered Level 5 of the Dungeon
  4207 | D:5      | Noticed an ogre
  4207 | D:5      | Found a runed translucent door.
  4213 | D:5      | Killed an ogre
  4246 | D:5      | Noticed Manslay's ghost (amateur OpCj)
  4264 | D:5      | Noticed a black bear
  4281 | D:5      | Killed a black bear
  4285 | D:5      | Reached XP level 7. HP: 28/51 MP: 8/14
  4495 | D:5      | Noticed a vampire mosquito
  4496 | D:5      | Noticed a vampire mosquito
  4497 | D:5      | Noticed a vampire mosquito
  4507 | D:5      | Slain by a vampire mosquito

Illustrated notes

Levels and vault maps discovered:
D:1:      dpeg_chamrin_arrival_tetris, layout_basic, serial_shops,
          nicolae_shop_behind_doors, chequers_ecumenical_altar_simple,
          minmay_cut_off
D:2:      layout_loops_cross, serial_forest, infiniplex_forest_straight_2,
          infiniplex_forest_lined_ring, infiniplex_forest_corner_1,
          infiniplex_forest_lined_1, infiniplex_forest_lined_corner,
          infiniplex_forest_lined_2, infiniplex_forest_straight_2
D:3:      layout_loops_ring
D:4:      layout_rooms, nicolae_ashenzari_panopticon
D:5:      layout_cave_pods, lemuel_coloured_pillars_altar,
          minmay_temple_entry_arrows, hellmonk_ghost_happy_afterlife,
          serial_shops, nicolae_shop_stone, minmay_manual_moon, uniq_eustachio,
          uniq_menkaure, uniq_duvessa

Skill      XL: |  1  2  3  4  5  6 |
---------------+-------------------+-----
Spellcasting   | 4 |  4.9
Conjurations   | 2 3 |  3.1
Short Blades   | 1 2 |  2.2
Stealth        | 3 |  3.0
Fighting       | |  0.9
Dodging        | |  2.4
Summonings     | |  1.0
Translocations | |  1.0

Action                   |  1- 3 |  4- 6 |  7- 9 || total
-------------------------+-------+-------+-------++-------
Melee: Dagger            |    17 |    39 |     7 ||    63
 Cast: Magic Dart        |    74 |    79 |     4 ||   157
       Foxfire           |       |       |     3 ||     3
  Use: Scroll            |     5 |     5 |       ||    10
       Potion            |     3 |     1 |     1 ||     5
Armor: Robe              |     5 |    28 |     8 ||    41
Dodge: Dodged            |    20 |    32 |    13 ||    65
